 Dungeon Crawl Stone Soup version 0.18.1-50-g88ac8fd (webtiles) character file.

56 RudyRod the Skirmisher (level 3, 0/34 HPs)
             Began as a Naga Fighter on Oct 12, 2016.
             Slain by an ogre
             ... wielding a +0 giant spiked club
              (4 damage)
             ... on level 3 of the Dungeon.
             The game lasted 00:05:01 (1794 turns).

RudyRod the Skirmisher (Naga Fighter)               Turns: 1794, Time: 00:05:01

Health: 0/34       AC:  4    Str: 18    XL:     3   Next: 97%
Magic:  0/3        EV:  5    Int:  8    God:
Gold:   85         SH:  8    Dex: 11    Spells: 0 memorised, 2 levels left

rFire  . . .     SeeInvis +     a - +0 long sword
rCold  . . .     Gourm    .     b - +0 scale mail
rNeg   . . .     Faith    .     c - +0 shield
rPois  +         Spirit   +     (no helmet)
rElec  .         Dismiss  .     (no cloak)
rCorr  +         Reflect  .     (no gloves)
SustAt .         Harm     .     (no barding)
MR     .....                    j - amulet of guardian spirit
Stlth  +.........               (no ring)
                                m - ring of resist corrosion

@: short of breath, very slow, not resistant to hostile enchantments, very
unstealthy
A: see invisible, deformed body, poison resistance, slowness 2, slow metabolism
1, spit poison 2, AC +1
a: Spit Poison


You were on level 3 of the Dungeon.
You were not hungry.

You visited 1 branch of the dungeon, and saw 3 of its levels.

You collected 85 gold pieces.

Inventory:

Hand Weapons
 a - a +0 long sword (weapon)
Armour
 b - a +0 scale mail (worn)
 c - a +0 shield (worn)
Jewellery
 j - an amulet of guardian spirit (around neck)
 m - a ring of resist corrosion (left hand)
Potions
 d - 2 potions of might
Comestibles
 g - a fruit
 i - a beef jerky
 k - 2 meat rations
 l - a royal jelly


   Skills:
 + Level 3.3 Fighting
 + Level 2.2 Long Blades
 + Level 2.8 Armour
 * Level 0.7 Dodging
 * Level 1.9 Stealth
 + Level 2.8 Shields


You had 2 spell levels left.
You didn't know any spells.

Dungeon Overview and Level Annotations

Branches:
Dungeon (3/15)

Altars:
Okawaru
Xom


Innate Abilities, Weirdness & Mutations

You cannot wear boots.
Your serpentine skin is tough (AC +1).
You have supernaturally acute eyesight.
Armour fits poorly on your strangely shaped body.
Your system is resistant to poisons.
You cover ground very slowly.
You have a slow metabolism.
You can spit poison.


Message History

You see here 8 gold pieces.
A giant cockroach comes into view.
The ogre hits you with a giant spiked club!!
Ouch! That really hurt!
* * * LOW HITPOINT WARNING * * *
You see here 8 gold pieces.
Press: ? - help, Shift-Dir - straight line, f - ogre
Aim: an ogre, wielding a giant spiked club The splash of poison hits the ogre.
The ogre appears unharmed.
You feel slightly more hungry.
The ogre hits you with a giant spiked club.
* * * LOW HITPOINT WARNING * * *
Drink which item? (? for menu, Esc to quit)
Okay, then.
Read which item? (? for menu, Esc to quit)
As you read the scroll labeled JOCOB CYCARHE, it crumbles to dust.
It is a scroll of amnesia.
You feel forgetful for a moment.
The ogre hits you with a giant spiked club.
You die...

.....#
#.........#
####.#
#..?......# #.#
#.........### #.#
#............ #.#
#........#### #.#
#s....... #.#
#$#.##### #.# #O#
# #.# #@# #.#..
#.# #.#.# #.#
#.#.# #.# #.#.#
#.# #.#.#
#######)# #.#.#
#.....#.# #
#.#.###.....#.#.#
#.(.........<...#


You could see an ogre and a giant cockroach.

Vanquished Creatures
  2 adders (D:2)
  2 dart slugs (D:1)
  2 goblins
  7 hobgoblins
  2 jackals (D:1)
  2 quokkas (D:2)
  4 bats
  A giant newt (D:2)
  6 kobolds
  6 rats
34 creatures vanquished.

Notes
Turn   | Place    | Note
--------------------------------------------------------------
     0 | D:1      | RudyRod the Naga Fighter began the quest for the Orb.
     0 | D:1      | Reached XP level 1. HP: 21/21 MP: 1/1
    87 | D:1      | Reached XP level 2. HP: 13/28 MP: 2/2
   510 | D:1      | Reached skill level 1 in Stealth
   724 | D:1      | Reached XP level 3. HP: 31/34 MP: 3/3
  1073 | D:2      | Found an iron altar of Okawaru.
  1501 | D:2      | Found a shimmering altar of Xom.
  1505 | D:2      | Found a shimmering altar of Xom.
  1505 | D:2      | Found a shimmering altar of Xom.
  1787 | D:3      | Noticed an ogre
  1794 | D:3      | Slain by an ogre

Skill      XL: |  1  2 |
---------------+-------+-----
Stealth        | 1 |  1.9
Fighting       | |  3.3
Long Blades    | |  2.2
Armour         | |  2.8
Dodging        | |  0.7
Shields        | |  2.8

Action                   || total
-------------------------++-------
Melee: Long sword        ||   108
 Abil: Spit Poison       ||     5
  Use: Scroll            ||     5
  Eat: Bread ration      ||     1
       Chunk             ||     1
Armor: Scale mail        ||    45
Dodge: Dodged            ||    31
Block: Shield            ||    63
